 Dungeon Crawl Stone Soup version 0.26.1-2-gb8aa6d0cf2 (webtiles) character file.

Game seed: 9357765451254747671

109 nightchill the Poker (level 4, -1/35 HPs)
             Began as a Merfolk Gladiator on Mar 16, 2021.
             Slain by a gnoll (7 damage)
             ... on level 2 of the Dungeon.
             The game lasted 00:03:21 (2812 turns).

nightchill the Poker (Merfolk Gladiator)            Turns: 2812, Time: 00:03:22

Health: -1/35      AC:  4    Str: 14    XL:     4   Next: 90%
Magic:  4/4        EV: 14    Int:  8    God:
Gold:   142        SH:  0    Dex: 15    Spells: 3/3 levels left

rFire    . . .     SeeInvis .   a - +0 trident
rCold    + . .     Faith    .   (no shield)
rNeg     + . .     Spirit   .   b - +0 leather armour
rPois    .         Reflect  .   c - +0 helmet
rElec    .         Harm     .   (no cloak)
rCorr    .         Rampage  .   (no gloves)
Will     .....                  (no boots)
Stlth    +.........             (no amulet)
HPRegen  0.11/turn              h - ring of protection from cold
MPRegen  0.09/turn              k - ring of positive energy

@: no status effects
A: change form in water, swift swim, stealthy swim
a: no special abilities


You were on level 2 of the Dungeon.
You visited 1 branch of the dungeon, and saw 3 of its levels.

You collected 142 gold pieces.

Inventory:

Hand Weapons
 a - a +0 trident (weapon)
Missiles
 d - 2 throwing nets (quivered)
Armour
 b - a +0 leather armour (worn)
 c - a +0 helmet (worn)
Jewellery
 h - a ring of protection from cold (left hand)
 k - a ring of positive energy (right hand)
Scrolls
 e - 4 scrolls of fear
 g - a scroll of remove curse
 j - a scroll of enchant armour {unknown}
 l - a scroll of identify {unknown}
 m - a scroll of noise {unknown}
 n - a scroll of immolation {unknown}
 o - a scroll of random uselessness {unknown}
 q - a scroll of teleportation {unknown}
Potions
 i - a potion of curing {unknown}
 p - a potion of lignification {unknown}


   Skills:
 + Level 3.5 Fighting
 * Level 7.0 Polearms
 - Level 2.0 Throwing
 - Level 4.0 Dodging


You had 3 spell levels left.
You didn't know any spells.
Your spell library was empty.

Dungeon Overview and Level Annotations

Branches:
Dungeon (3/15)

Altars:
Xom

Annotations:
D:3 Grinder


Message History

Aim: Grinder (moderately wounded, strong, entangled in a net)
You reach to attack!
You hit Grinder.
Grinder is heavily wounded.
Grinder struggles against the net.
The gnoll hits you with a +0 flail!
* * * LOW HITPOINT WARNING * * *
The gnoll barely misses you.
Reach: a) +0 trident
Press: ? - help, Dir - move target, f/p - Grinder
Aim: Grinder (heavily wounded, strong, entangled in a net)
You reach to attack!
You hit Grinder.
Grinder is heavily wounded.
Grinder blinks!
The gnoll misses you. The gnoll hits you!
* * * LOW HITPOINT WARNING * * *
The gnoll barely misses you.
There is a stone staircase leading up here.
The gnoll misses you.
You climb upwards.
There is a stone staircase leading down here.
You completely miss the gnoll. The gnoll hits you!
You die...

### ##### #.#
#####.#.##############.####
#..........................
#####.#.##.#.###.#####.#.##
#.#.#.<................
#.#.##@#.#.............
###########.#.##g#.#.#.#####.....
#...........#.#........# ##.[..#
###.#######.#........#.####......
#.# #.#.................... #.#
#.....>..###..........#
###.#######.#.#....###.........<.
#.......>........................
###.#######.#.#....###..........#


You could see a gnoll.

Vanquished Creatures
  3 adders
  3 worms
  4 dart slugs
  3 leopard geckos (D:2)
  An orc (D:3)
  10 bats
  2 giant cockroaches (D:2)
  10 hobgoblins
  2 jackals (D:2)
  A quokka (D:1)
  A frilled lizard (D:2)
  9 goblins
  7 kobolds
  6 rats
62 creatures vanquished.

Vanquished Creatures (others)
  2 plants (D:1)
2 creatures vanquished.

Grand Total: 64 creatures vanquished

Notes
Turn   | Place    | Note
-------+----------+-------------------------------------------
     0 | D:1      | nightchill the Merfolk Gladiator began the quest for the
                  | Orb.
     0 | D:1      | Reached XP level 1. HP: 16/16 MP: 1/1
   205 | D:1      | Reached XP level 2. HP: 21/23 MP: 2/2
   230 | D:1      | Reached skill level 5 in Polearms
  1085 | D:1      | Reached XP level 3. HP: 18/28 MP: 3/3
  1323 | D:1      | Reached skill level 6 in Polearms
  1480 | D:2      | Reached XP level 4. HP: 32/35 MP: 4/4
  1814 | D:2      | Found a shimmering altar of Xom.
  2488 | D:3      | Found a faded altar of an unknown god.
  2690 | D:3      | Noticed Grinder
  2726 | D:2      | Reached skill level 7 in Polearms
  2812 | D:2      | Slain by a gnoll

Illustrated notes

Levels and vault maps discovered:
D:1:      lightli_arrival_boilingwater, layout_basic, serial_bayou_pond_b,
          minmay_pentomino_w2
D:2:      layout_basic, xom_butterflies
D:3:      layout_rooms, lemuel_zombie_altar_yredelemnul,
          chequers_ecumenical_altar_simple_redux, uniq_grinder

Skill      XL: |  1  2  3  4 |
---------------+-------------+-----
Polearms       | 5 6 7 |  7.0
Fighting       | 3 |  3.5
Throwing       | |  2.0
Dodging        | |  4.0

Action                   |  1- 3 |  4- 6 || total
-------------------------+-------+-------++-------
Melee: Trident           |    89 |   115 ||   204
Throw: Throwing net      |       |     1 ||     1
  Use: Scroll            |       |     2 ||     2
 Stab: Sleeping          |     2 |     2 ||     4
       Held in net/web   |       |     3 ||     3
Armor: Leather armour    |    15 |    26 ||    41
Dodge: Dodged            |    63 |    80 ||   143
